[Event "Team 45 45 League T82"]
[Site "Internet Chess Club"]
[Date "2019.10.12"]
[Round "3"]
[White "calsal"]
[Black "PolishRyszard"]
[Result "1-0"]
[WhiteElo "1848"]
[BlackElo "1830"]
[Opening "Queen's Pawn"]
[ECO "B07"]
[Time "15:06:10"]
[TimeControl "2700+45"]

1. d4 d6 2. Nc3 Nf6 3. e4 Nbd7 4. f4 e5 5. dxe5 dxe5 6. fxe5 Nxe5 7. Qxd8+ Kxd8
8. Bg5 Be7 9. Nf3 Nfd7 10. Bxe7+ Kxe7 11. Nd5+ Kd8 12. O-O-O f6 13. Nd4 Re8 14.
Nf4 Rg8 15. Nfe6+ Ke7 16. Nxc7 Rb8 17. Nf5+ Kf7 18. Nd6+ Kg6 19. Nd5 Rf8 20.
Ne7+ Kh6 21. Ndf5+ Kg5 22. h4+ Kf4 23. Nd5+ Kxe4 24. Ng3# {Black checkmated} 1-0

[Event "Team 45 45 League T82"]
[Site "Internet Chess Club"]
[Date "2019.10.13"]
[Round "3"]
[White "cadmiumorange"]
[Black "Beetlejuice"]
[Result "1/2-1/2"]
[WhiteElo "1751"]
[BlackElo "1674"]
[Opening "Dutch"]
[ECO "A80"]
[Time "09:00:29"]
[TimeControl "2700+45"]

1. d4 f5 2. Nc3 Nf6 3. Bg5 d5 4. Bxf6 exf6 5. e3 Be6 6. Nge2 Qd7 7. Nf4 Nc6 8.
Qf3 Ne7 9. Bd3 Bf7 10. h4 c6 11. h5 Nc8 12. O-O-O Nd6 13. Ng6 hxg6 14. hxg6 Rxh1
15. gxf7+ Kxf7 16. Rxh1 Ne4 17. Qh5+ Ke7 18. Nxe4 fxe4 19. Be2 Kd8 20. Bg4 Qe7
21. Qf5 Kc7 22. Rh7 b5 23. c3 a5 24. Qf4+ {Game drawn by mutual agreement}
1/2-1/2

[Event "Team 45 45 League T82"]
[Site "Internet Chess Club"]
[Date "2019.10.10"]
[Round "3"]
[White "BrianWood"]
[Black "carvajales"]
[Result "1/2-1/2"]
[WhiteElo "1614"]
[BlackElo "1664"]
[Opening "QGD: Chigorin defense"]
[ECO "D07"]
[Time "16:30:47"]
[TimeControl "2700+45"]

1. d4 d5 2. c4 Nc6 3. cxd5 Qxd5 4. e3 e5 5. Nc3 Bb4 6. a3 Bxc3+ 7. bxc3 Nf6 8.
c4 Qd6 9. d5 Ne7 10. a4 O-O 11. Ba3 Qd8 12. Nf3 e4 13. Nd4 Re8 14. Be2 Nf5 15.
Nxf5 Bxf5 16. O-O b6 17. Bb2 Qd6 18. Qd4 h6 19. a5 Rad8 20. axb6 axb6 21. Rfc1
Ra8 22. Rxa8 Rxa8 23. Ra1 Rxa1+ 24. Bxa1 Qb4 25. h3 Qe1+ 26. Bf1 Bg6 27. Qc3
Qxc3 28. Bxc3 Nd7 29. Be2 Kf8 30. Bg4 Nc5 31. Bb4 Ke7 32. h4 f6 33. Be6 Kd6 34.
Kf1 Ke5 35. Bc3+ Kd6 36. Bb4 Be8 37. Ke2 Bd7 38. Bxc5+ bxc5 39. Bxd7 Kxd7 40. f3
f5 41. fxe4 fxe4 42. g4 c6 43. dxc6+ Kxc6 44. Kd2 Kd6 45. Ke2 Kc6 46. Kd2 g6 47.
Kc3 h5 48. gxh5 gxh5 49. Kb3 Kb6 50. Kc3 Ka5 51. Kb3 Kb6 52. Kc3 Ka5 53. Kb3 Kb6
{Game drawn by repetition} 1/2-1/2

[Event "Team 45 45 League T82"]
[Site "Internet Chess Club"]
[Date "2019.10.13"]
[Round "3"]
[White "mongmong"]
[Black "President"]
[Result "0-1"]
[WhiteElo "1490"]
[BlackElo "1657"]
[Opening "Grünfeld: Russian, Szabo (Boleslavsky) variation"]
[ECO "D97"]
[Time "15:00:40"]
[TimeControl "2700+45"]

1. d4 Nf6 2. Nf3 g6 3. c4 Bg7 4. Nc3 d5 5. Qb3 dxc4 6. Qxc4 O-O 7. e4 c6 8. Be2
Qa5 9. Bd2 Qb6 10. b4 Be6 11. Qc5 Qd8 12. b5 cxb5 13. Nxb5 Na6 14. Qc2 Rc8 15.
Qb1 Qb6 16. Nc3 Bc4 17. Qxb6 axb6 18. Bxc4 Rxc4 19. O-O Nb4 20. Rfc1 Nd3 21. Rc2
Nxe4 22. Kf1 Nxd2+ 23. Nxd2 Rxd4 24. Ke2 Nf4+ 25. Kf3 Nd5 26. Nxd5 Rxd5 27. Rb1
b5 28. Nb3 e6 29. Rc7 b6 30. Rc6 Rb8 31. g3 b4 32. Rbc1 Bc3 33. Rc2 Kg7 34. a3
h5 35. axb4 Bxb4 36. R6c4 Ba5 37. Ke2 Rbd8 38. Ra4 Kf6 39. Rca2 Ra8 40. Nd2 Rc8
41. Nc4 Rcc5 42. Ne3 Rd7 43. Kf3 Rd3 44. Ke2 Rb3 45. Nc4 Bc3 46. Nd6 Re5+ 47.
Kf1 Rb1+ 48. Kg2 Rb2 49. Rf4+ Ke7 50. Rxb2 Bxb2 51. Nxf7 Rf5 52. Rxf5 exf5 53.
Ng5 Bf6 54. Nf3 Kd6 55. Kf1 Kd5 56. Ke2 Kc4 57. Kd2 g5 58. Kc2 g4 59. Nd2+ Kb4
60. f3 Be7 61. fxg4 hxg4 62. Nf1 Bc5 63. Kd3 Bg1 64. Ne3 Bxe3 65. Kxe3 Kc3 66.
Kf4 b5 67. Kxf5 b4 68. Kxg4 b3 69. h4 b2 70. h5 b1=Q {White resigns} 0-1

[Event "Team 45 45 League T82"]
[Site "Internet Chess Club"]
[Date "2019.10.13"]
[Round "3"]
[White "MacroPawn"]
[Black "ElValero"]
[Result "1-0"]
[WhiteElo "1717"]
[BlackElo "1779"]
[Opening "English opening: Agincourt variation"]
[ECO "A13"]
[Time "17:00:26"]
[TimeControl "2700+45"]

1. c4 e6 2. Nf3 d5 3. b3 c5 4. cxd5 Qf6 5. d4 cxd4 6. Bg5 Bb4+ 7. Nbd2 Qf5 8.
Rc1 exd5 9. g4 Qxg4 10. Rg1 Qd7 11. Nxd4 Nc6 12. Nxc6 bxc6 13. Qc2 c5 14. Rg3 h6
15. Be3 d4 16. Bh3 Qd6 17. Qe4+ Ne7 18. Bf4 Qd5 19. Bg2 Bb7 20. Qd3 Qd7 21. Rxg7
Bxg2 22. Rxg2 Qd5 23. Kf1 Ng6 24. Rxg6 fxg6 25. Qxg6+ Kd8 26. Ne4 Kc8 27. Nd6+
Kd7 28. Qg7+ Kd8 29. Qxh8+ Kc7 30. Qg7+ Kd8 31. f3 d3 32. Qf8+ Kd7 33. Qg7+ Kd8
34. Nf7+ Ke8 35. Qe5+ {Black resigns} 1-0

[Event "Team 45 45 League T82"]
[Site "Internet Chess Club"]
[Date "2019.10.13"]
[Round "3"]
[White "Portola"]
[Black "nathanpillay"]
[Result "1/2-1/2"]
[WhiteElo "1660"]
[BlackElo "1789"]
[Opening "Queen's pawn game"]
[ECO "A46"]
[Time "11:00:28"]
[TimeControl "2700+45"]

1. d4 Nf6 2. Nf3 e6 3. c3 d6 4. Bg5 h6 5. Bh4 g5 6. Bg3 Nh5 7. e3 Bg7 8. Bd3 Qe7
9. Qc2 f5 10. Na3 a6 11. h4 Nxg3 12. fxg3 g4 13. Nd2 b5 14. Nb3 c5 15. Na5 c4
16. Be2 Qc7 17. b4 Nc6 18. Nxc6 Qxc6 19. O-O h5 20. Rae1 Bb7 21. Bd1 O-O 22. Nb1
Rae8 23. Re2 Qd7 24. Nd2 d5 25. a4 Qd6 26. Kh2 Bf6 27. Rf4 Bd8 28. a5 Bc7 29.
Nf1 Qe7 30. Kg1 Bxf4 31. exf4 Qd6 32. Re5 {Game drawn by mutual agreement}
1/2-1/2

[Event "Team 45 45 League T82"]
[Site "Internet Chess Club"]
[Date "2019.10.19"]
[Round "3"]
[White "ivanson"]
[Black "VictorRed"]
[Result "1/2-1/2"]
[WhiteElo "1664"]
[BlackElo "1673"]
[Opening "Sicilian: Alapin's variation (2.c3)"]
[ECO "B22"]
[Time "23:01:23"]
[TimeControl "2700+45"]

1. e4 c5 2. c3 e5 3. Bc4 Nf6 4. d3 Nc6 5. Nf3 Be7 6. O-O O-O 7. Nbd2 d6 8. Re1
Na5 9. Bb5 a6 10. Ba4 b5 11. Bc2 Bg4 12. h3 Bh5 13. Nf1 h6 14. Ng3 Bg6 15. Nh4
Bh7 16. Nhf5 Nc6 17. Be3 Qc7 18. d4 cxd4 19. cxd4 exd4 20. Nxd4 Ne5 21. Rc1 Qb7
22. Ndf5 Rfd8 23. Nxe7+ Qxe7 24. b3 Rac8 25. Bb6 Rd7 26. Bb1 Rb8 27. Bd4 Rc7 28.
f4 Nc6 29. e5 dxe5 30. Bxe5 Nxe5 31. Bxh7+ Nxh7 32. Rxe5 Rxc1 33. Qxc1 Qd6 34.
Qe3 Nf6 35. Nf5 Qb6 36. Qxb6 Rxb6 37. Kf2 Re6 38. Rxe6 fxe6 39. Nd4 Kf7 40. Kf3
{Game drawn by mutual agreement} 1/2-1/2

[Event "Team 45 45 League T82"]
[Site "Internet Chess Club"]
[Date "2019.10.13"]
[Round "3"]
[White "andrew37"]
[Black "PJ"]
[Result "1/2-1/2"]
[WhiteElo "1623"]
[BlackElo "1542"]
[Opening "Four knights: Scotch, 4...exd4"]
[ECO "C47"]
[Time "15:09:18"]
[TimeControl "2700+45"]

1. e4 e5 2. Nf3 Nc6 3. Nc3 Nf6 4. d4 exd4 5. Nxd4 Bb4 6. f3 O-O 7. Be2 Re8 8.
O-O b6 9. Nxc6 dxc6 10. Qxd8 Rxd8 11. Bg5 Be7 12. Bf4 Ne8 13. Rad1 Be6 14. a3 f6
15. Ba6 Rxd1 16. Rxd1 Rd8 17. Bb7 Rxd1+ 18. Nxd1 Bd7 19. Ba6 Nd6 20. Kf2 Kf7 21.
Bd3 h6 22. Ne3 Be6 23. h3 g5 24. Bh2 Bd8 25. f4 Bd7 26. e5 fxe5 27. fxe5 Nc8 28.
Nf5 Bxf5 29. Bxf5 Ne7 30. Be4 c5 31. Ke3 Ke6 32. Bg3 c6 33. h4 Bc7 34. hxg5 hxg5
35. c4 Bxe5 36. Bxe5 Kxe5 37. g4 a5 38. a4 Ng8 39. Bxc6 Nh6 40. Bf3 Ng8 41. Bd5
Ne7 42. Bf3 Ng6 43. Bd5 Nf4 44. Bf3 Ne6 45. Bd5 Nd4 46. Be4 Ne6 {Game drawn by
mutual agreement} 1/2-1/2

[Event "Team 45 45 League T82"]
[Site "Internet Chess Club"]
[Date "2019.10.13"]
[Round "3"]
[White "zepled37"]
[Black "fishhead"]
[Result "0-1"]
[WhiteElo "1639"]
[BlackElo "1635"]
[Opening "English, 1...Nf6 (Anglo-Indian defense)"]
[ECO "A15"]
[Time "17:06:49"]
[TimeControl "2700+45"]

1. c4 Nf6 2. g3 g6 3. Bg2 Bg7 4. d3 d6 5. Nc3 c6 6. Nf3 O-O 7. O-O e5 8. Rb1 a5
9. Qc2 Na6 10. a3 Qe7 11. b4 axb4 12. axb4 d5 13. c5 d4 14. Ne4 Nxe4 15. dxe4
Nc7 16. e3 Nb5 17. exd4 exd4 18. Bb2 Na3 19. Bxa3 Rxa3 20. Qb2 Rc3 21. e5 Bxe5
22. Rfe1 f6 23. Nxd4 Rc4 24. Bf1 Qf7 25. Bxc4 Qxc4 26. Qb3 Qxb3 27. Nxb3 Bf5 28.
Rxe5 fxe5 29. Re1 Re8 30. Na5 Re7 31. Nc4 Kf7 32. Nxe5+ Kf6 33. Nf3 Rxe1+ 34.
Nxe1 Ke5 35. Kf1 Kd5 36. Ke2 Kc4 37. f3 Kxb4 38. g4 Bb1 39. Ng2 Kxc5 40. Ne3 b5
41. f4 Kd4 42. Kd2 Ke4 43. f5 gxf5 44. Nxf5 Kf4 45. Ne3 Be4 46. h4 c5 47. g5 c4
48. Nd1 b4 49. Nf2 c3+ 50. Kc1 b3 51. Nh3+ Kf5 52. h5 b2+ 53. Kd1 b1=Q+ 54. Ke2
Qd3+ 55. Ke1 {White resigns} 0-1

[Event "Team 45 45 League T82"]
[Site "Internet Chess Club"]
[Date "2019.10.15"]
[Round "3"]
[White "Goli"]
[Black "Grenadier"]
[Result "0-1"]
[WhiteElo "1671"]
[BlackElo "1634"]
[Opening "Caro-Kann: Panov-Botvinnik attack, 5...e6"]
[ECO "B14"]
[Time "17:00:17"]
[TimeControl "2700+45"]

1. e4 c6 2. d4 d5 3. exd5 cxd5 4. c4 Nf6 5. Nc3 e6 6. Nf3 Bb4 7. Bd2 Nc6 8. c5
O-O 9. Bd3 b6 10. cxb6 Qxb6 11. a3 Bd6 12. Na4 Qc7 13. Rc1 Bd7 14. O-O Rac8 15.
Ba6 Rb8 16. b4 Qd8 17. Nc5 Bxc5 18. Rxc5 Ne4 19. Rc1 Qb6 20. Bd3 Nxd4 21. Nxd4
Qxd4 22. Be3 Qe5 23. f4 Qf5 24. Rc7 Bb5 25. Bxb5 Rxb5 26. Bxa7 h5 27. Qd3 Nd6
28. Qxf5 Nxf5 29. Bc5 Ra8 30. Rf3 Rbb8 31. Ra7 Rxa7 32. Bxa7 Ra8 33. Bc5 f6 34.
Kf2 g6 35. Rd3 Kf7 36. g3 Ke8 37. h3 Kd7 38. g4 hxg4 39. hxg4 Nd6 40. Bxd6 Kxd6
41. Rc3 e5 42. fxe5+ fxe5 43. b5 d4 44. Rc6+ Kd5 45. Rxg6 Rxa3 46. Ra6 Rb3 47.
Ra5 e4 48. g5 e3+ 49. Ke2 Ke4 50. g6 d3+ 51. Kf1 Kf3 52. Ra1 Rxb5 53. g7 Rg5 54.
Ra7 e2+ 55. Ke1 Rg1+ {White resigns} 0-1

[Event "Team 45 45 League T82"]
[Site "Internet Chess Club"]
[Date "2019.10.12"]
[Round "3"]
[White "GoIrish"]
[Black "scostanzo212"]
[Result "1/2-1/2"]
[WhiteElo "1519"]
[BlackElo "1590"]
[Opening "Réti: King's Indian attack"]
[ECO "A08"]
[Time "15:02:24"]
[TimeControl "2700+45"]

1. Nf3 d5 2. g3 c5 3. Bg2 Nc6 4. O-O e5 5. d3 Nf6 6. e4 d4 7. Nbd2 Be7 8. Nc4
Qc7 9. a4 O-O 10. Ne1 Bg4 11. f3 Bh5 12. g4 Bg6 13. f4 h6 14. f5 Bh7 15. h3 b6
16. Nf3 a6 17. g5 hxg5 18. Bxg5 b5 19. Ncxe5 Nxe4 20. Bxe7 Qxe7 21. Nxc6 Qc7 22.
dxe4 Qxc6 23. Ng5 Qh6 24. Qg4 Rae8 25. axb5 axb5 26. Nxh7 Kxh7 27. Qf4 Qf6 28.
Rae1 Re5 29. Rf3 c4 30. Rg3 Rfe8 31. Qg5 Rxf5 32. Qxf6 Rxf6 33. e5 Ra6 34. Rg4
Rd8 35. Rf1 Rd7 36. Rgf4 Kg8 37. Rd1 Ra2 38. Bc6 Re7 39. Rfxd4 Rxe5 40. Rh4 g5
41. Re4 Rxe4 42. Bxe4 Rxb2 43. Rd5 f6 44. Rd7 b4 45. Bd5+ Kh8 46. Bxc4 Rxc2 47.
Rd8+ Kg7 48. Rd7+ Kh8 49. Be6 Rc5 50. Rb7 f5 51. Rxb4 Kg7 52. Kf2 Re5 53. Bc8
Kf6 54. Rb6+ Kg7 55. Kf3 Kf7 56. Rb1 Kf6 57. Rg1 Rc5 58. Ba6 Rc3+ 59. Kg2 Rc2+
60. Kf1 Rc1+ 61. Kf2 Rxg1 62. Kxg1 {Game drawn by mutual agreement} 1/2-1/2

[Event "Team 45 45 League T82"]
[Site "Internet Chess Club"]
[Date "2019.10.20"]
[Round "3"]
[White "janh"]
[Black "Monterrey"]
[Result "1/2-1/2"]
[WhiteElo "1851"]
[BlackElo "1932"]
[Opening "Queen's pawn game"]
[ECO "D00"]
[Time "19:07:20"]
[TimeControl "2700+45"]

1. d4 Nf6 2. Nc3 d5 3. Bf4 g6 4. e3 Bg7 5. h4 h5 6. Nf3 O-O 7. Bd3 c5 8. dxc5
Qa5 9. Qd2 Qxc5 10. O-O-O Bg4 11. Be2 e6 12. Ne5 Bxe2 13. Qxe2 Nbd7 14. f3 Rac8
15. g4 Nxe5 16. Bxe5 Qc4 17. Qg2 hxg4 18. Rd4 Qa6 19. Rf4 Rxc3 20. Bxc3 gxf3 21.
Qxf3 Nh5 22. Bxg7 Kxg7 23. Rb4 Qxa2 24. Rxb7 Nf6 25. Rb3 Qa1+ 26. Kd2 Qa5+ 27.
Kc1 Ne4 28. Ra3 Qc7 29. h5 Rc8 30. c3 g5 31. Rd1 Rb8 32. Rd4 Qh2 33. b4 Rc8 34.
Rxe4 dxe4 35. Qxe4 Qxh5 36. Qd4+ Kh7 37. Rxa7 Qh1+ 38. Kc2 Qf3 39. Qd3+ Kg8 40.
Ra5 Qf6 41. b5 Kg7 42. Ra4 Qf2+ 43. Kb3 Rh8 44. Rg4 f6 45. Qd7+ Kg6 46. Qxe6 Rh2
47. Kb4 Qb2+ 48. Qb3 Qc1 49. Qg8+ Kf5 50. Qc8+ Kg6 51. Qg8+ Kf5 52. Qc8+ Kg6 53.
Qg8+ Kf5 54. Qc8+ {Game drawn by repetition} 1/2-1/2

[Event "Team 45 45 League T82"]
[Site "Internet Chess Club"]
[Date "2019.10.11"]
[Round "3"]
[White "laurenpar"]
[Black "ANGELLR"]
[Result "0-1"]
[WhiteElo "1847"]
[BlackElo "1820"]
[Opening "Nimzovich-Larsen attack: classical variation"]
[ECO "A01"]
[Time "21:01:02"]
[TimeControl "2700+45"]

1. b3 d5 2. Bb2 c5 3. e3 a6 4. Nf3 Nc6 5. c4 Nf6 6. cxd5 Nxd5 7. Nc3 Bg4 8. Ne4
e6 9. d3 Qa5+ 10. Qd2 Qxd2+ 11. Kxd2 Rc8 12. Rc1 Na7 13. Ne5 Bf5 14. Ng3 Bg6 15.
Be2 f6 16. Nxg6 hxg6 17. h3 Be7 18. Ne4 Kd7 19. Nc3 Nxc3 20. Rxc3 Rc7 21. Rhc1
Rhc8 22. Bf3 Nc6 23. Rc4 Bd6 24. Bxc6+ Rxc6 25. Rh4 Ke7 26. f4 b5 27. g4 Kf7 28.
g5 f5 29. Rh7 Bf8 30. Ke2 Kg8 31. Rh4 c4 32. bxc4 bxc4 33. dxc4 Rxc4 34. Rd1
Rc2+ 35. Rd2 Bb4 {White resigns} 0-1

[Event "Team 45 45 League T82"]
[Site "Internet Chess Club"]
[Date "2019.10.12"]
[Round "3"]
[White "iSeba"]
[Black "kidcobra"]
[Result "1-0"]
[WhiteElo "1797"]
[BlackElo "1808"]
[Opening "KGA: Bonsch-Osmolovsky variation"]
[ECO "C34"]
[Time "20:21:00"]
[TimeControl "2700+45"]

1. e4 e5 2. f4 exf4 3. Nf3 Ne7 4. d4 Ng6 5. Nc3 Bb4 6. h4 h5 7. Bc4 Be7 8. O-O
Bxh4 9. Nxh4 Qxh4 10. Nd5 Qd8 11. Bxf4 d6 12. Qd2 O-O 13. Bg5 Qd7 14. Rf6 Kh7
15. Raf1 Nh8 16. Bh6 Ng6 17. Rxg6 fxg6 18. Rxf8 c6 19. Qg5 Qg4 20. Nf6+ gxf6 21.
Bg8+ Kh8 22. Bf7+ Kh7 23. Bxg6# {Black checkmated} 1-0

[Event "Team 45 45 League T82"]
[Site "Internet Chess Club"]
[Date "2019.10.10"]
[Round "3"]
[White "fishhead"]
[Black "ARMAND02019"]
[Result "0-1"]
[WhiteElo "1617"]
[BlackElo "1654"]
[Opening "Sicilian defense"]
[ECO "B40"]
[Time "21:06:55"]
[TimeControl "2700+45"]

1. e4 c5 2. Nf3 e6 3. g3 Nc6 4. Bg2 g6 5. O-O Bg7 6. Re1 Nge7 7. d3 d6 8. c3 e5
9. Nbd2 O-O 10. h3 b5 11. Nf1 a5 12. N3h2 Be6 13. Qe2 a4 14. f4 exf4 15. gxf4 a3
16. Ng4 h5 17. f5 hxg4 18. fxe6 fxe6 19. Qxg4 Qc8 20. h4 b4 21. Bh3 axb2 22.
Bxb2 bxc3 23. Bc1 c2 24. Bg5 Bxa1 25. Rxa1 Ra3 26. Rc1 Rxd3 27. Rxc2 e5 28. Qe6+
Qxe6 29. Bxe6+ Kg7 30. Rg2 Rd1 31. Bc4 Ng8 32. h5 Nf6 33. hxg6 Nxe4 34. Bh6+
Kxh6 35. g7 Rdxf1+ 36. Kh2 Nd4 37. Bxf1 Rg8 38. Rg4 Nf6 39. Rg3 Rxg7 40. Rh3+
Kg5 41. Kg3 Rh7 {White resigns} 0-1

[Event "Team 45 45 League T82"]
[Site "Internet Chess Club"]
[Date "2019.10.14"]
[Round "3"]
[White "Zebbile"]
[Black "achessman"]
[Result "0-1"]
[WhiteElo "1782"]
[BlackElo "1886"]
[Opening "Queen's bishop game"]
[ECO "D02"]
[Time "21:05:00"]
[TimeControl "2700+45"]

1. Nf3 Nf6 2. d4 d5 3. Bf4 c5 4. c3 e6 5. e3 Bd6 6. Bg3 Nc6 7. Nbd2 O-O 8. Bd3
b6 9. O-O Bb7 10. Qe2 Ne7 11. Bxd6 Qxd6 12. Ne5 Ne4 13. Rfd1 f6 14. Nef3 Rad8
15. Bc2 Nxd2 16. Rxd2 e5 17. dxe5 fxe5 18. Ng5 h6 19. Qh5 Nf5 20. Nf3 g6 21. Qg4
Bc8 22. Qa4 Qe7 23. Rad1 e4 24. Ne1 Nxe3 25. fxe3 Qg5 26. Nd3 exd3 27. Bxd3
Qxe3+ 28. Kh1 Rf4 29. Qc6 Qe6 30. Qxe6+ Bxe6 31. Bxg6 d4 32. cxd4 Bxa2 33. g3
Rfxd4 34. Rxd4 Rxd4 35. Rxd4 cxd4 36. Kg2 Kg7 37. Bd3 Kf6 38. Kf3 Ke5 39. g4
Bd5+ 40. Ke2 Kf4 41. h3 Bg2 42. Bc2 Bxh3 43. Kd3 Ke5 44. Bd1 Bf1+ 45. Kd2 Kf4
46. b4 Bb5 47. Ke1 Bd7 48. Kd2 Bb5 49. Ke1 a5 50. bxa5 bxa5 51. Kd2 a4 52. Kc1
a3 53. Kb1 Bc4 54. Ka1 Be6 55. Kb1 Bxg4 56. Bb3 d3 57. Kc1 Ke3 58. Kb1 Kd2 59.
Ka2 Kc3 60. Kxa3 d2 61. Ka4 d1=Q 62. Bxd1 Bxd1+ 63. Kb5 Kd4 64. Kb4 h5 65. Ka3
h4 66. Kb2 h3 67. Kc1 h2 68. Kxd1 h1=Q+ 69. Ke2 Qh3 70. Kf2 Ke4 71. Ke2 Qg2+ 72.
Kd1 Kd3 73. Ke1 Qe2# {White checkmated} 0-1

[Event "Team 45 45 League T82"]
[Site "Internet Chess Club"]
[Date "2019.10.12"]
[Round "3"]
[White "jjmolina"]
[Black "room-matt"]
[Result "1/2-1/2"]
[WhiteElo "1723"]
[BlackElo "1808"]
[Opening "Giuoco Piano"]
[ECO "C50"]
[Time "03:04:13"]
[TimeControl "2700+45"]

1. e4 e5 2. Nf3 Nc6 3. Bc4 Bc5 4. Nc3 d6 5. h3 a6 6. a3 Nf6 7. d3 Be6 8. Bxe6
fxe6 9. O-O O-O 10. Re1 Qe8 11. Be3 Nd4 12. Bxd4 exd4 13. Ne2 e5 14. Ng3 Kh8 15.
Qd2 b5 16. Nf5 g6 17. Ng3 Qf7 18. Ng5 Qd7 19. Nf3 a5 20. c3 dxc3 21. bxc3 Bb6
22. d4 exd4 23. cxd4 a4 24. Re2 Rae8 25. Rb1 c6 26. Qc2 Re6 27. Ng5 Re7 28. Nf3
Rc8 29. Qb2 Rf8 30. Qc2 c5 31. dxc5 Bxc5 32. e5 Ng8 33. Qb2 Rg7 34. Qxb5 Rd8 35.
Qxd7 Rgxd7 36. Ne4 Bxa3 37. Ra2 Bc5 38. Rxa4 Ne7 39. e6 Rc7 40. Nfg5 Kg7 41. Nf7
Rf8 42. Nexd6 Kf6 43. Rf4+ Nf5 44. g4 Bxd6 45. Nxd6 Ke5 46. Nb5 Kxf4 47. Nxc7
Ne7 48. Rb5 Rd8 49. Kg2 Rd2 50. Rc5 h6 51. Ne8 Nd5 52. Nc7 Ne3+ 53. Kg1 Rd1+ 54.
Kh2 Rd2 55. e7 Rxf2+ 56. Kg1 Rf1+ 57. Kh2 Rf2+ 58. Kg1 Rf1+ 59. Kh2 Rf2+ 60. Kg1
Rf1+ 61. Kh2 Rf2+ 62. Kg1 Rf1+ 63. Kh2 Rf2+ 64. Kg1 Rf1+ 65. Kh2 {Game drawn by
repetition} 1/2-1/2

[Event "Team 45 45 League T82"]
[Site "Internet Chess Club"]
[Date "2019.10.14"]
[Round "3"]
[White "cadmiumorange"]
[Black "primerpaso"]
[Result "0-1"]
[WhiteElo "1735"]
[BlackElo "1817"]
[Opening "Réti opening"]
[ECO "A05"]
[Time "14:03:35"]
[TimeControl "2700+45"]

1. Nf3 Nf6 2. d3 d5 3. g3 e6 4. Bg2 Be7 5. O-O O-O 6. Nbd2 b6 7. e4 Bb7 8. e5
Nfd7 9. Re1 c5 10. Nf1 Nc6 11. h4 Qc7 12. Bf4 d4 13. N1h2 Nb4 14. h5 Nd5 15. Ng4
Nxf4 16. gxf4 h6 17. Qd2 f5 18. Ngh2 b5 19. c3 dxc3 20. Qxc3 Rac8 21. Rac1 Nb6
22. Qa5 Bc6 23. Nd4 Bxg2 24. Nxe6 Qc6 25. Nxf8 Bxf8 26. d4 Nc4 27. Qc3 cxd4 28.
Qxd4 Bh3 29. f3 Bc5 30. Rxc4 bxc4 {White resigns} 0-1

[Event "Team 45 45 League T82"]
[Site "Internet Chess Club"]
[Date "2019.10.14"]
[Round "3"]
[White "ElValero"]
[Black "elmaestro"]
[Result "1/2-1/2"]
[WhiteElo "1774"]
[BlackElo "1679"]
[Opening "Grünfeld: Russian variation"]
[ECO "D96"]
[Time "09:25:21"]
[TimeControl "2700+45"]

1. d4 Nf6 2. Nf3 g6 3. c4 Bg7 4. Nc3 d5 5. Qb3 c6 6. Bg5 dxc4 7. Qxc4 Be6 8. Qd3
Nd5 9. e4 Nxc3 10. bxc3 O-O 11. Be2 Re8 12. O-O Qa5 13. c4 Na6 14. Bd2 Qc7 15.
Rab1 b6 16. d5 Nc5 17. Qe3 cxd5 18. cxd5 Bd7 19. Bb4 Na4 20. Rbc1 Qb7 21. Nd4 a5
22. Bd2 b5 23. Nc6 b4 24. e5 Nc3 25. Bxc3 bxc3 26. Rxc3 Qb2 27. a4 Qa2 28. e6
fxe6 29. Ne5 Qxd5 30. Nxd7 Bxc3 31. Nb6 Qe5 32. Qxe5 Bxe5 33. Nxa8 Rxa8 34. Bc4
{Game drawn by mutual agreement} 1/2-1/2

[Event "Team 45 45 League T82"]
[Site "Internet Chess Club"]
[Date "2019.10.21"]
[Round "3"]
[White "Bizzy-Ketty"]
[Black "DaveTheRook"]
[Result "1-0"]
[WhiteElo "1600"]
[BlackElo "1608"]
[Opening "Ruy Lopez: Marshall counter-attack, 11...c6"]
[ECO "C89"]
[Time "16:31:00"]
[TimeControl "2700+45"]

1. e4 e5 2. Nf3 Nc6 3. Bb5 a6 4. Ba4 Nf6 5. O-O Be7 6. Re1 b5 7. Bb3 O-O 8. c3
d5 9. exd5 Nxd5 10. Nxe5 Nxe5 11. Rxe5 c6 12. Bxd5 cxd5 13. d4 Bd6 14. Re1 Qh4
15. g3 Qh3 16. Qf3 Bg4 17. Qxd5 Rae8 18. Be3 Re6 19. Nd2 Rfe8 20. Nf3 h6 21. Kh1
Bf5 22. Nd2 Qh5 23. Kg1 Qh3 24. Qg2 Qh5 25. Qd5 Qh3 26. b3 Ba3 27. c4 Bb2 28.
Rab1 Bc3 29. Qg2 Qh5 30. Rbc1 Bxd2 31. Bxd2 Be4 32. Rxe4 Rxe4 33. Bc3 bxc4 34.
bxc4 Qe2 35. c5 Qxa2 36. Qf1 Re2 37. Ra1 Qc2 38. Rc1 Qb3 39. Qd1 Qc4 40. h4 Qd5
41. Bb4 Qf3 42. Qf1 Ra2 43. Re1 Rb8 44. Re3 Qd5 45. Bc3 Qf5 46. Kg2 Rb1 47. Re1
Qd5+ 48. Kg1 Rb3 49. Qd3 Qd7 50. d5 Raa3 51. Rc1 Qb5 52. Qd4 Ra4 53. Qxg7#
{Black checkmated} 1-0

[Event "Team 45 45 League T82"]
[Site "Internet Chess Club"]
[Date "2019.10.13"]
[Round "3"]
[White "pokerram"]
[Black "Gojira"]
[Result "0-1"]
[WhiteElo "1548"]
[BlackElo "1615"]
[Opening "Sicilian: accelerated fianchetto, Maróczy bind"]
[ECO "B38"]
[Time "22:00:47"]
[TimeControl "2700+45"]

1. e4 c5 2. Nf3 g6 3. d4 cxd4 4. Nxd4 Nc6 5. c4 Nf6 6. Nc3 Bg7 7. Be3 O-O 8. f3
Qb6 9. Qd2 Nxe4 10. fxe4 Bxd4 11. Bxd4 Qxd4 12. Qxd4 Nxd4 13. O-O-O Ne6 14. Nd5
Re8 15. g3 b6 16. Bh3 Rb8 17. Bxe6 fxe6 18. Nc7 Rf8 19. Rhf1 Bb7 20. Rfe1 Rfd8
21. Re3 Rbc8 22. Nb5 Rxc4+ 23. Kb1 Bxe4+ {White resigns} 0-1

[Event "Team 45 45 League T82"]
[Site "Internet Chess Club"]
[Date "2019.10.09"]
[Round "3"]
[White "tryanything"]
[Black "mongmong"]
[Result "0-1"]
[WhiteElo "1507"]
[BlackElo "1510"]
[Opening "French: Two knights variation"]
[ECO "C00"]
[Time "19:01:58"]
[TimeControl "2700+45"]

1. e4 e6 2. Nf3 d5 3. Nc3 Nf6 4. e5 Nfd7 5. d4 c5 6. Bg5 Qb6 7. dxc5 Nxc5 8.
Bb5+ Bd7 9. Bxd7+ Ncxd7 10. O-O Nc6 11. Re1 Bb4 12. a3 Bxc3 13. bxc3 O-O 14. Be3
Qc7 15. Bd4 Na5 16. Qd3 Nc4 17. Ng5 g6 18. f4 Ndb6 19. Qh3 h5 20. g4 Kg7 21.
gxh5 Rh8 22. Qh4 Rxh5 23. Nxe6+ fxe6 24. Qf6+ Kg8 25. Qxe6+ Qf7 26. Qxf7+ Kxf7
27. e6+ Ke7 28. Bc5+ Nd6 29. Rad1 Nc4 30. Rd4 b6 31. Bxd6+ Nxd6 32. Re5 Rxe5 33.
fxe5 Nf5 34. Rxd5 Kxe6 35. Rb5 Rc8 36. Rb3 Kxe5 {White resigns} 0-1

[Event "Team 45 45 League T82"]
[Site "Internet Chess Club"]
[Date "2019.10.13"]
[Round "3"]
[White "dalmata"]
[Black "Electryon"]
[Result "1/2-1/2"]
[WhiteElo "1533"]
[BlackElo "1483"]
[Opening "Dutch defense, Rubinstein variation"]
[ECO "A96"]
[Time "12:00:15"]
[TimeControl "2700+45"]

1. d4 e6 2. c4 f5 3. Nc3 Nf6 4. Nf3 Be7 5. g3 O-O 6. Bg2 d6 7. O-O Ne4 8. Nxe4
fxe4 9. Nd2 d5 10. cxd5 exd5 11. f3 Nc6 12. e3 exf3 13. Rxf3 Bg5 14. Rxf8+ Qxf8
15. Bxd5+ Kh8 16. Qf3 Bh3 17. Qxf8+ Rxf8 18. Nf3 Rf5 19. Bxc6 bxc6 20. e4 Rxf3
21. Bxg5 Rd3 22. Rc1 {Game drawn by mutual agreement} 1/2-1/2

[Event "Team 45 45 League T82"]
[Site "Internet Chess Club"]
[Date "2019.10.11"]
[Round "3"]
[White "WillC"]
[Black "JPSVI"]
[Result "0-1"]
[WhiteElo "1570"]
[BlackElo "1697"]
[Opening "English, 1...Nf6 (Anglo-Indian defense)"]
[ECO "A15"]
[Time "19:01:14"]
[TimeControl "2700+45"]

1. c4 Nf6 2. g3 e5 3. d3 d6 4. Bg2 g6 5. Nc3 Bg7 6. e4 O-O 7. Nge2 a5 8. O-O Nc6
9. Bg5 h6 10. Be3 Ng4 11. Bd2 Nd4 12. Nxd4 exd4 13. Nd5 c6 14. Nf4 Ne5 15. Qc2
f5 16. Ne2 fxe4 17. Bxe4 Bh3 18. Bg2 Bf5 19. Be4 Bxe4 20. dxe4 d3 21. Qd1 dxe2
22. Qxe2 Nf3+ 23. Kg2 Nxd2 24. Qxd2 Qf6 25. b3 Qf3+ {White resigns} 0-1